 Dungeon Crawl Stone Soup version 0.29-a0-517-gbdf32494f2 (webtiles) character file.

Game seed: 5730344027486820667

103 siradein the Skirmisher (level 5, 0/63 HPs)
             Began as a Human Fighter on May 31, 2022.
             Slain by Ijyb
             ... wielding a +0 club
              (1 damage)
             ... on level 3 of the Dungeon.
             The game lasted 00:06:21 (2200 turns).

siradein the Skirmisher (Human Fighter)             Turns: 2200, Time: 00:06:22

Health: 0/63       AC:  6    Str: 18    XL:     5   Next: 6%
Magic:  5/5        EV: 13    Int:  9    God:
Gold:   81         SH:  4    Dex: 12    Spells: 4/4 levels left

rFire   . . .      SeeInvis .   a - +0 flail
rCold   . . .      Faith    .   c - +0 buckler
rNeg    + . .      Spirit   .   b - +0 scale mail
rPois   .          Reflect  .   (no helmet)
rElec   .          Harm     .   (no cloak)
rCorr   .          Rampage  .   (no gloves)
Will    .....                   (no boots)
Stlth   ..........              (no amulet)
HPRegen 0.20/turn               j - +4 ring of evasion
MPRegen 0.09/turn               p - ring of positive energy

@: berserking, very quick
A: no striking features
a: no special abilities


You were on level 3 of the Dungeon.
You visited 1 branch of the dungeon, and saw 3 of its levels.

You collected 81 gold pieces.

Inventory:

Hand Weapons
 a - a +0 flail (weapon)
Missiles
 q - 3 poisoned darts (quivered)
Armour
 b - a +0 scale mail (worn)
 c - a +0 buckler (worn)
Jewellery
 j - a +4 ring of evasion (left hand)
 p - a ring of positive energy (right hand)
Scrolls
 e - 4 scrolls of identify {unknown}
 f - 3 scrolls of teleportation {unknown}
 m - a scroll of magic mapping {unknown}
 n - a scroll of enchant armour {unknown}
 o - 2 scrolls of noise {unknown}
Potions
 d - a potion of might
 h - a potion of attraction {unknown}
 i - a potion of flight {unknown}
 k - a potion of mutation {unknown}
 l - a potion of brilliance {unknown}


   Skills:
 + Level 3.7 Fighting
 + Level 2.9 Maces & Flails
 + Level 3.6 Armour
 + Level 3.7 Shields


You had 4 spell levels left.
You didn't know any spells.
Your spell library was empty.

Dungeon Overview and Level Annotations

Branches:
Dungeon (3/15)

Altars:

Annotations:
D:2 1 runed translucent door, Crazy Yiuf
D:3 Ijyb


Message History

Ijyb is lightly wounded.
Ijyb barely misses you.
You hit Ijyb but do no damage.
Ijyb is lightly wounded.
Ijyb barely misses you. Ijyb hits you with a +0 club.
You hit Ijyb.
Ijyb is lightly wounded.
Ijyb hits you with a +0 club. You block the kobold's attack.
You hit Ijyb.
Ijyb is moderately wounded.
Ijyb barely misses you. The kobold hits you with a +0 club.
You hit Ijyb but do no damage.
Ijyb is moderately wounded.
Ijyb hits you with a +0 club. The kobold closely misses you.
The kobold barely misses you. You block Ijyb's attack.
You hit Ijyb but do no damage.
Ijyb is moderately wounded.
Ijyb hits you with a +0 club. The kobold hits you with a +0 club.
You closely miss Ijyb.
Ijyb is moderately wounded.
Ijyb hits you with a +0 club.
* * * LOW HITPOINT WARNING * * *
The kobold hits you but does no damage.
It was a potion of berserk rage.
A red film seems to cover your vision as you go berserk!
You feel yourself moving faster!
You feel mighty!
Ijyb zaps a wand.
The puff of flame hits you!
* * * LOW HITPOINT WARNING * * *
The now-empty wand crumbles to dust.
The kobold barely misses you.
You hit Ijyb.
Ijyb is heavily wounded.
Ijyb hits you but does no damage. You block the kobold's attack.
You thump Ijyb!
Ijyb is almost dead.
Ijyb barely misses you. The kobold hits you with a +0 club.
* * * LOW HITPOINT WARNING * * *
You barely miss Ijyb.
Ijyb is almost dead.
Ijyb hits you with a +0 club.
You die...

#P.ā‰ˆP.........# #....
..###Pā‰ˆā‰ˆ.........#
#....)
.................#####......
....###.....................
.##..........######..#......
#..........###....##..#...
##......>.................
##+####.....K####...<....
#......@gr.....?...
#...#######........ #...#
#..#..... #..## #..#.....
#.## #..# .... #.# ...# ..?
#.# ...# ### ..#


You could see Ijyb, a quokka and a kobold.

Vanquished Creatures
  5 adders
  5 bats
  4 endoplasms
  4 giant cockroaches
  5 goblins
  6 hobgoblins
  4 jackals (D:2)
  5 quokkas
  3 ball pythons (D:1)
  3 frilled lizards
  4 kobolds
  5 rats
53 creatures vanquished.

Vanquished Creatures (others)
  4 plants (D:3)
4 creatures vanquished.

Grand Total: 57 creatures vanquished

Notes
Turn   | Place    | Note
-------+----------+-------------------------------------------
     0 | D:1      | siradein the Human Fighter began the quest for the Orb.
     0 | D:1      | Reached XP level 1. HP: 18/18 MP: 1/1
   167 | D:1      | Reached XP level 2. HP: 21/24 MP: 2/2
   509 | D:1      | Reached XP level 3. HP: 23/29 MP: 3/3
  1345 | D:2      | Found a faded altar of an unknown god.
  1490 | D:2      | Reached XP level 4. HP: 34/35 MP: 4/4
  1985 | D:2      | Found a runed translucent door.
  1986 | D:2      | Noticed Crazy Yiuf
  2111 | D:3      | Reached XP level 5. HP: 42/42 MP: 5/5
  2181 | D:3      | Noticed Ijyb
  2197 | D:3      | HP: 1/63 [Ijyb/puff of flame (14)]
  2200 | D:3      | Slain by Ijyb

Illustrated notes

Levels and vault maps discovered:
D:1:      erik_arrival_cave_to_civilisation [erik_arrival_cave_to_hall],
          layout_loops_ring, nrook_loot_triangle, minmay_door_square,
          minmay_tromino_v2
D:2:      layout_basic, hellmonk_ecumenical_altar_slurped_away, st_stairs_5,
          dreamdust_princess_bridge, minmay_misc_feat_iff,
          uniq_crazy_yiuf_cottage
D:3:      layout_rooms, nicolae_overflow_hidden_temple, serial_bayou_lagoon_a,
          kennysheep_generic_room_9, uniq_jessica, uniq_ijyb

Action                   |  1- 3 |  4- 6 || total
-------------------------+-------+-------++-------
Melee: Flail             |   127 |    78 ||   205
  Use: Potion            |       |     1 ||     1
Armor: Scale mail        |    62 |    30 ||    92
Dodge: Dodged            |    78 |    54 ||   132
Block: Buckler           |    22 |    17 ||    39

Table legend: (Time is in decaauts)
 A = Elapsed time spent in this place.
 B = Non-inter-level travel time spent in this place.
 C = Inter-level travel time spent in this place.
 D = Time resting spent in this place.
 E = Time spent auto-exploring this place.
 F = Levels seen in this place.
 G = Mean time per level.
                   A        B        C        D        E       F      G
               +--------+--------+--------+--------+--------+-----+--------+
         Total |   2261 |   2199 |     62 |    107 |   1601 |   3 |  753.7 |
       Dungeon |   2261 |   2199 |     62 |    107 |   1601 |   3 |  753.7 |
               +--------+--------+--------+--------+--------+-----+--------+

Top non-repeatable levels by time:
     D:1: 1193 daAuts
     D:2: 950 daAuts
     D:3: 117 daAuts
